 Dungeon Sprint DCSS version 0.19.1-1-g22dce08 (webtiles) character file.

458006 pib the End of an Era (level 19, 196/207 HPs)
             Began as a Hill Orc Fighter on Jan 10, 2017.
             Was the Champion of Qazlal.
             Escaped with the Orb!
             The game lasted 00:28:40 (2231 turns).

pib the End of an Era (Hill Orc Fighter)            Turns: 2231, Time: 00:28:41

Health: 196/207    AC: 33    Str: 27    XL:     19   Next: 7%
Magic:  49/59      EV:  9    Int: 16    God:    Qazlal [******]
Gold:   0          SH: 41    Dex: 11    Spells: 1 memorised, 48 levels left

rFire  + + .     SeeInvis .     n - +7 Singing Sword
rCold  + + .     Gourm    .     k - +5 gold dragon scales
rNeg   + . .     Faith    +     m - +18 shield of the Gong {rElec rN+ MR+ EV-5}
rPois  +         Spirit   .     b - +0 helmet {Int+3}
rElec  +         Reflect  .     a - +5 cloak "Viyczif" {rF+}
rCorr  .         Harm     .     (no gloves)
MR     ++...     Rnd*Rage +     (no boots)
Stlth  .......... NoTele   +    R - amulet "Naopnufy" {Faith rElec rC+ MP+9 Slay+2}
                                P - ring of magical power
                                s - +6 ring of strength

@: very slightly contaminated, repel missiles
A: berserk 1
a: Upheaval, Elemental Force, Disaster Area, Renounce Religion
0: Orb of Zot


You escaped.
You worshipped Qazlal.
Qazlal was exalted by your worship.
You were not hungry.

You visited 1 branch

Inventory:

Hand Weapons
 n - the +7 Singing Sword (weapon)
   (You found it in the Dungeon)
Armour
 a - the +5 cloak "Viyczif" (worn) {rF+}
   (You found it in the Dungeon)

   It protects you from fire.
 b - a +0 helmet of intelligence (worn)
 k - +5 gold dragon scales (worn)
 m - the +18 shield of the Gong (worn) {rElec rN+ MR+ EV-5}
   (You found it in the Dungeon)

   It affects your evasion (-5).
   It insulates you from electricity.
   It protects you from negative energy.
   It affects your resistance to hostile enchantments.
Jewellery
 l - the ring "Bicy" {Wiz MR++ Str+3 Dex-5}
   (You found it in the Dungeon)

   [ring of wizardry]

   It improves your spell success rate.
   It affects your strength (+3).
   It affects your dexterity (-5).
   It affects your resistance to hostile enchantments.
 p - a +6 ring of dexterity
 q - a +6 ring of intelligence
 r - a +6 ring of intelligence
 s - a +6 ring of strength (left hand)
 t - a +6 ring of strength
 M - the ring of Honesty {Wiz *Contam rC+ Dex+4}
   (You found it in the Dungeon)

   [ring of wizardry]

   It improves your spell success rate.
   It affects your dexterity (+4).
   It protects you from cold.
   It causes magical contamination when unequipped.
 N - an uncursed amulet of rage
 P - a ring of magical power (right hand)
 R - the amulet "Naopnufy" (around neck) {Faith rElec rC+ MP+9 Slay+2}
   (You found it in the Dungeon)

   [amulet of faith]

   It allows you to gain divine favour quickly.
   It affects your accuracy and damage with ranged weapons and melee attacks
   (+2).
   It protects you from cold.
   It insulates you from electricity.
   It affects your magic capacity (+9).
 T - a +2 amulet of reflection
 W - an uncursed ring of stealth
Wands
 u - a wand of disintegration (7/24)
 v - a wand of iceblast (5/15)
 w - a wand of lightning (5/15)
 x - a wand of acid (5/15)
 Z - a wand of hasting (4/9)
Scrolls
 j - 3 scrolls of blinking
 o - 3 scrolls of brand weapon
 y - 3 scrolls of amnesia
 B - 3 scrolls of recharging
 C - 8 scrolls of fog
 D - a scroll of holy word
 E - 5 scrolls of identify
 F - 5 scrolls of remove curse
 G - 2 scrolls of fear
Potions
 c - 7 potions of might
 e - 9 potions of curing
 f - 8 potions of heal wounds
 g - 6 potions of haste
 h - 7 potions of magic
 i - 3 potions of berserk rage
 H - 2 potions of brilliance
 I - 2 potions of invisibility
 J - 4 potions of resistance
 L - 5 potions of agility
Books
 K - a Grand Grimoire

   Spells                             Type                      Level
   a - Monstrous Menagerie            Summoning                    7
   b - Summon Greater Demon           Summoning                    7
   c - Malign Gateway                 Summoning/Translocation      7
   d - Summon Horrible Things         Summoning                    8
 O - Moytah's Collected Works on Contamination
   (You found it in the Dungeon)

   Spells                             Type                      Level
   a - Sting                          Conjuration/Poison           1
   b - Mephitic Cloud                 Conjuration/Poison/Air       3
   c - Ignite Poison                  Fire/Transmutation/Poison    3
   d - Spider Form                    Transmutation/Poison         3
   e - Olgreb's Toxic Radiance        Poison                       4
   f - Poisonous Cloud                Conjuration/Poison/Air       6
 Q - a book of the Sky

   Spells                             Type                      Level
   a - Summon Lightning Spire         Summoning/Air                4
   b - Airstrike                      Air                          4
   c - Silence                        Hexes/Air                    5
   d - Deflect Missiles               Charms/Air                   6
   e - Conjure Ball Lightning         Conjuration/Air              6
   f - Tornado                        Air                          9
 S - a book of Death

   Spells                             Type                      Level
   a - Corpse Rot                     Necromancy                   2
   b - Sublimation of Blood           Necromancy                   2
   c - Agony                          Necromancy                   5
   d - Dispel Undead                  Necromancy                   5
   e - Excruciating Wounds            Charms/Necromancy            5
   f - Bolt of Draining               Conjuration/Necromancy       5
 X - the Reference Book on Evil Changing
   (You found it in the Dungeon)

   Spells                             Type                      Level
   a - Animate Skeleton               Necromancy                   1
   b - Ice Form                       Ice/Transmutation            4
   c - Petrify                        Transmutation/Earth          4
   d - Irradiate                      Conjuration/Transmutation    5
   e - Death Channel                  Necromancy                   6
 Y - the Collected Works on Enthralling Translocation
   (You found it in the Dungeon)

   Spells                             Type                      Level
   a - Corona                         Hexes                        1
   b - Blink                          Translocation                2
   c - Recall                         Summoning/Translocation      3
   d - Dispersal                      Translocation                6
   e - Disjunction                    Translocation                8
Miscellaneous
 U - a lamp of fire
 V - a phial of floods
Comestibles
 d - 4 bread rations
 z - 42 fruits
 A - 4 meat rations


   Skills:
 O Level 27 Fighting
 + Level 25.6 Long Blades
 - Level 14.3 Armour
 + Level 21.8 Dodging
 - Level 15.8 Shields
 - Level 2.1 Unarmed Combat
 - Level 18.4 Spellcasting
 - Level 19.8 Translocations
 O Level 27 Invocations


You had 48 spell levels left.
You knew the following spells:

 Your Spells              Type           Power        Failure   Level  Hunger
a - Dispersal             Tloc           ######....   4%          6    #####..


Dungeon Overview and Level Annotations

Branches:
Dungeon (1/1)

Altars:
Ashenzari
Cheibriados
Dithmenos
Elyvilon
Fedhas
Gozag
Hepliaklqana
Kikubaaqudgha
Makhleb
Nemelex Xobeh
Okawaru
Qazlal
Ru
Sif Muna
Trog
Uskayaw
Vehumet
Xom
Yredelemnul
Zin
The Shining One
Beogh
Jiyva
Lugonu


Innate Abilities, Weirdness & Mutations

You tend to lose your temper in combat.


Message History

Unknown command.
Unknown command.
Blink to where?
Press: ? - help, Dir - move target cursor You are very lightly contaminated with residual magic.
As you read the scroll of blinking, it crumbles to dust.
Found thirteen items.
An exit appears before you!
Your surroundings seem different!
Qazlal accepts your kill.
You feel a bit more experienced.
Found the Orb of Zot.
Found a staircase leading out of the dungeon.
You see here the Orb of Zot.
You pick up the Orb of Zot!
The Orb lets out a hideous shriek!
The lords of Pandemonium are not amused.
Beware!
Now all you have to do is get back out of the dungeon!
An ufetubus comes into view.
There is a staircase leading out of the dungeon here.
You can't go down here!
You have escaped!

.≈≈....))...▓.≈▓.≈.(.≈≈▓≈.▓...8©8
.[...).)≈≈..▓.▓▓▓(....▓▓▓.▓..)[."
).≈.≈.)≈....▓..▓.......▓..▓..))|:
....≈.≈[....▓.............▓..(.(.
.≈.≈.≈..≈.≈.▓.............▓..†...
≈...≈≈.....≈▓▓▓▓▓▓▓▓▓▓▓▓▓▓▓....).
≈.≈.[).≈....▓8888888888888▓...)))
▓....).≈▓≈.≈▓8.§§§.......8▓......
≈.....≈≈≈≈..▓85.@.§......8▓.▓....
≈.≈≈≈...≈.≈.▓8.§§........8▓≈...(.
.≈≈≈≈.≈...≈.▓8888888888888▓▓▓▓▓▓▓
▓▓▓▓▓▓▓▓▓▓▓▓▓▓▓▓▓▓▓▓▓▓▓▓▓▓▓▓▓▓▓▓▓
.....8©8........ .....%8©8.....
)=)}.}.|}!:}).[. ::}.||..)[):[)
.}.).)....[}[:=. [:}:[.....).).)
:.))|)..[?)=.[}. ).)....[...))))
...).......)....▓ .)[)[[)...).)))


You could see an ufetubus.

Vanquished Creatures
  An ancient lich (D)
  3 greater mummies (D)
  A bone dragon (D)
  6 liches (D)
  3 iron giants (D)
  An Ice Fiend (D)
  2 deep elf blademasters (D)
  A titan (D)
  2 acid blobs (D)
  5 deep elf master archers (D)
  6 shadow dragons (D)
  3 azure jellies (D)
  A fire giant (D)
  4 deep elf sorcerers (D)
  A balrug (D)
  2 ghouls (D)
  A draconian annihilator (D)
  10 reapers (D)
  4 vampire knights (D)
  3 black draconians (D)
  5 stone giants (D)
  A deep elf demonologist (D)
  2 yellow draconians (D)
  2 mottled draconians (D)
  2 green draconians (D)
  3 purple draconians (D)
  2 red draconians (D)
  3 white draconians (D)
  2 deep elf annihilators (D)
  2 merfolk javelineers (D)
  A death ooze (D)
  A great orb of eyes (D)
  2 merfolk impalers (D)
  4 deep elf high priests (D)
  5 mummy priests (D)
  3 yaktaur captains (D)
  40 vault guards (D)
  3 ice dragons (D)
  2 centaur warriors (D)
  2 merfolk aquamancers (D)
  8 dancing weapons (D)
  2 satyrs (D)
  A death yak (D)
  6 death scarabs (D)
  2 hell hogs (D)
  4 soul eaters (D)
  6 deep elf knights (D)
  3 skeletal warriors (D)
  2 sea snakes (D)
  A death drake (shapeshifter) (D)
  A flayed ghost (D)
  A glowing orange brain (D)
  6 deep elf archers (D)
  2 hill giants (D)
  A necromancer (D)
  A shining eye (D)
  4 cyclopes (D)
  9 deep elf magi (D)
  2 manticores (D)
  6 rust devils (D)
  A siren (D)
  A water nymph (D)
  2 eyes of devastation (D)
  3 rime drakes (D)
  4 hellions (D)
  3 freezing wraiths (D)
  4 ice devils (D)
  3 tormentors (D)
  6 yaktaurs (D)
  An efreet (D)
  14 guardian mummies (D)
  3 red devils (D)
  8 merfolk (D)
  A polar bear (D)
  2 two-headed ogres (D)
  2 trolls (D)
  3 hippogriffs (D)
  6 slime creatures (D)
  2 blink frogs (D)
  4 air elementals (D)
  12 flying skulls (D)
  3 vampires (D)
  3 shadows (D)
  A water elemental (D)
  3 ushabtiu (D)
  A yak (D)
  2 fire elementals (D)
  2 wraiths (D)
  A basilisk (D)
  2 steam dragons (D)
  13 hell hounds (D)
  2 water moccasins (D)
  A porcupine (D)
  3 ice beasts (D)
  4 necrophages (D)
  3 centaurs (D)
  An ogre (D)
  A phantom (D)
  A crocodile (D)
  A bullfrog (D)
  An earth elemental (D)
  6 wights (D)
  2 crimson imps (D)
  2 jellies (D)
  A quasit (D)
  10 iron imps (D)
  25 mummies (D)
  6 white imps (D)
  2 ufetubi (D)
  5 oozes (D)
  16 adder zombies (D)
  17 adder skeletons (D)
  An adder simulacrum (D)
  2 spectral bats (D)
  14 bat skeletons (D)
  14 bat zombies (D)
  A ball python simulacrum (D)
  2 ball python skeletons (D)
  A ball python zombie (D)
  9 giant cockroach zombies (D)
  2 jackal skeletons (D)
  2 jackal zombies (D)
  7 leopard gecko skeletons (D)
  7 leopard gecko zombies (D)
  4 quokka skeletons (D)
  4 quokka zombies (D)
  2 spectral giant cockroaches (D)
  A spectral jackal (D)
  2 fire vortices (D)
516 creatures vanquished.

Vanquished Creatures (collateral kills)
  An iron giant (D)
1 creature vanquished.

Grand Total: 517 creatures vanquished

Notes
Turn   | Place    | Note
-------+----------+-------------------------------------------
     0 | D        | pib the Hill Orc Fighter began the quest for the Orb.
     0 | D        | Reached XP level 1. HP: 19/19 MP: 1/1
     3 | D        | Found a blossoming altar of Fedhas.
     4 | D        | Found a viscous altar of Jiyva.
     4 | D        | Found a hazy altar of Hepliaklqana.
     4 | D        | Found an opulent altar of Gozag.
     4 | D        | Found an ancient bone altar of Kikubaaqudgha.
     4 | D        | Found a corrupted altar of Lugonu.
    13 | D        | Found a burning altar of Makhleb.
    14 | D        | Found a stormy altar of Qazlal.
    14 | D        | Found an iron altar of Okawaru.
    14 | D        | Found a sacrificial altar of Ru.
    14 | D        | Found a sparkling altar of Nemelex Xobeh.
    14 | D        | Found a deep blue altar of Sif Muna.
    14 | D        | Found a bloodstained altar of Trog.
    62 | D        | Became a worshipper of Qazlal Stormbringer
    78 | D        | Reached XP level 2. HP: 37/37 MP: 2/2
    86 | D        | Entered arena 1.
    88 | D        | Reached skill level 1 in Invocations
   188 | D        | Entered arena 2.
   191 | D        | Reached * piety under Qazlal
   191 | D        | Reached XP level 3. HP: 45/45 MP: 4/4
   205 | D        | Entered arena 3.
   205 | D        | Noticed a merfolk
   205 | D        | Noticed a merfolk
   205 | D        | Noticed a merfolk
   205 | D        | Noticed a merfolk
   212 | D        | Killed a merfolk
   212 | D        | Reached ** piety under Qazlal
   212 | D        | Reached XP level 4. HP: 43/55 MP: 5/9
   212 | D        | Reached XP level 5. HP: 48/61 MP: 5/10
   212 | D        | Reached XP level 6. HP: 53/68 MP: 5/11
   215 | D        | Killed a merfolk
   215 | D        | Reached XP level 7. HP: 36/77 MP: 5/13
   216 | D        | Killed a merfolk
   233 | D        | Killed a merfolk
   233 | D        | Reached *** piety under Qazlal
   233 | D        | Reached skill level 10 in Invocations
   233 | D        | Reached XP level 8. HP: 47/85 MP: 9/15
   236 | D        | Got the ring of Honesty {Wiz *Contam rC+ Dex+4}
   274 | D        | Entered arena 4.
   274 | D        | Noticed a rime drake
   274 | D        | Noticed a rime drake
   279 | D        | Killed a rime drake
   279 | D        | Reached skill level 10 in Armour
   279 | D        | Reached skill level 10 in Shields
   282 | D        | Killed a rime drake
   282 | D        | Reached XP level 9. HP: 53/94 MP: 12/17
   288 | D        | Identified Moytah's Collected Works on Contamination (You found it in the Dungeon)
   298 | D        | Learned a level 8 spell: Summon Horrible Things
   302 | D        | Got the cursed ring of Fukecosu {+Blink rPois rN+ Str-2 Dex-4}
   446 | D        | Entered arena 5.
   446 | D        | Noticed a dire flail of crushing
   446 | D        | Noticed a deep elf mage
   446 | D        | Noticed a deep elf mage
   446 | D        | Noticed a deep elf knight
   448 | D        | Killed a deep elf mage
   448 | D        | Reached **** piety under Qazlal
   449 | D        | Killed a deep elf knight
   452 | D        | Killed a dire flail of crushing
   452 | D        | Reached skill level 15 in Fighting
   452 | D        | Reached XP level 10. HP: 103/105 MP: 6/20
   456 | D        | Killed a deep elf mage
   465 | D        | Got the amulet "Naopnufy" {Faith rElec rC+ MP+9 Slay+2}
   565 | D        | Entered arena 6.
   567 | D        | Reached ***** piety under Qazlal
   588 | D        | Got the amulet "Qucynny" {Harm *Corrode *Drain rElec Int+9 Slay+3}
   595 | D        | Entered arena 7.
   596 | D        | Reached ****** piety under Qazlal
   618 | D        | Entered arena 8.
   618 | D        | Noticed a deep elf knight
   618 | D        | Noticed a deep elf mage
   618 | D        | Noticed a deep elf mage
   618 | D        | Noticed a mace of protection
   618 | D        | Noticed a deep elf mage
   618 | D        | Noticed a deep elf archer
   618 | D        | Noticed a deep elf mage
   620 | D        | Killed a deep elf mage
   620 | D        | Killed a deep elf archer
   620 | D        | Reached skill level 15 in Invocations
   620 | D        | Killed a mace of protection
   620 | D        | Killed a deep elf mage
   620 | D        | Reached XP level 11. HP: 97/116 MP: 22/22
   622 | D        | Killed a deep elf mage
   626 | D        | Killed a deep elf mage
   632 | D        | Killed a deep elf knight
   712 | D        | Entered arena 9.
   725 | D        | Entered arena 10.
   725 | D        | Noticed a hell hog
   726 | D        | Reached skill level 1 in Dodging
   726 | D        | Killed a hell hog
   758 | D        | Entered arena 11.
   758 | D        | Noticed a shining eye
   758 | D        | Noticed a great orb of eyes
   758 | D        | Noticed an azure jelly
   758 | D        | Noticed an azure jelly
   760 | D        | Killed an azure jelly
   760 | D        | Reached skill level 15 in Shields
   760 | D        | Killed a shining eye
   760 | D        | Killed an azure jelly
   760 | D        | Reached skill level 5 in Dodging
   760 | D        | Reached XP level 12. HP: 116/127 MP: 22/24
   760 | D        | Killed a great orb of eyes
   773 | D        | Identified the Reference Book on Evil Changing (You found it in the Dungeon)
   776 | D        | Identified the Collected Works on Enthralling Translocation (You found it in the Dungeon)
   778 | D        | Got the ring of Nomyor {rC+ rN+}
   787 | D        | Learned a level 6 spell: Dispersal
   787 | D        | Entered arena 12.
   787 | D        | Noticed a fire giant
   787 | D        | Noticed a stone giant
   788 | D        | Noticed a stone giant
   788 | D        | Reached skill level 1 in Spellcasting
   788 | D        | Reached skill level 1 in Translocations
   789 | D        | Killed a stone giant
   790 | D        | Killed a fire giant
   791 | D        | Killed a stone giant
   808 | D        | Got the +5 cloak "Viyczif" {rF+}
   815 | D        | Got the ring of Cheibriados's Fury {rF- rC+ Int+9 Stlth+}
   916 | D        | Entered arena 13.
   917 | D        | Noticed a death yak
   919 | D        | Reached skill level 5 in Translocations
   919 | D        | Killed a death yak
   980 | D        | Entered arena 14.
   981 | D        | Noticed a centaur warrior
   981 | D        | Noticed a yaktaur captain
   981 | D        | Noticed a stone giant
   982 | D        | Noticed a deep elf master archer
   982 | D        | Noticed a stone giant
   982 | D        | Noticed a centaur warrior
   983 | D        | Reached skill level 5 in Spellcasting
   983 | D        | Reached XP level 13. HP: 139/139 MP: 26/26
   983 | D        | Killed a yaktaur captain
   983 | D        | Killed a stone giant
   983 | D        | Killed a deep elf master archer
   984 | D        | Killed a stone giant
  1024 | D        | Entered arena 15.
  1025 | D        | Noticed an acid blob
  1025 | D        | Noticed an azure jelly
  1025 | D        | Noticed a death ooze
  1025 | D        | Noticed an acid blob
  1027 | D        | Killed a death ooze
  1027 | D        | Killed an acid blob
  1027 | D        | Killed an azure jelly
  1027 | D        | Killed an acid blob
  1055 | D        | Entered arena 16.
  1095 | D        | Noticed a merfolk impaler
  1095 | D        | Noticed a merfolk impaler
  1096 | D        | Noticed a merfolk javelineer
  1096 | D        | Noticed a merfolk javelineer
  1096 | D        | Reached XP level 14. HP: 151/151 MP: 28/28
  1096 | D        | Reached skill level 10 in Translocations
  1108 | D        | Entered arena 17.
  1110 | D        | Noticed a white draconian annihilator
  1110 | D        | Noticed a black draconian
  1111 | D        | Noticed a green draconian
  1111 | D        | Noticed a black draconian
  1111 | D        | Noticed a purple draconian
  1111 | D        | Noticed a green draconian
  1111 | D        | Noticed a purple draconian
  1111 | D        | Noticed a yellow draconian
  1111 | D        | Noticed a red draconian
  1111 | D        | Noticed a white draconian
  1111 | D        | Noticed a purple draconian
  1111 | D        | Noticed a yellow draconian
  1111 | D        | Noticed a red draconian
  1111 | D        | Noticed a mottled draconian
  1111 | D        | Noticed a white draconian
  1112 | D        | Noticed a white draconian
  1112 | D        | Killed a black draconian
  1112 | D        | Killed a green draconian
  1112 | D        | Reached skill level 10 in Spellcasting
  1112 | D        | Killed a purple draconian
  1112 | D        | Killed a white draconian
  1112 | D        | Killed a red draconian
  1112 | D        | Killed a white draconian annihilator
  1112 | D        | Killed a purple draconian
  1112 | D        | Killed a white draconian
  1112 | D        | Killed a black draconian
  1112 | D        | Killed a yellow draconian
  1113 | D        | Killed a green draconian
  1113 | D        | Killed a yellow draconian
  1113 | D        | Killed a mottled draconian
  1113 | D        | Killed a red draconian
  1114 | D        | Noticed a black draconian
  1115 | D        | Noticed a mottled draconian
  1123 | D        | Killed a white draconian
  1125 | D        | Killed a purple draconian
  1127 | D        | Killed a black draconian
  1131 | D        | Killed a mottled draconian
  1188 | D        | Entered arena 18.
  1190 | D        | Noticed a deep elf sorcerer
  1190 | D        | Noticed a deep elf sorcerer
  1191 | D        | Noticed a deep elf blademaster
  1191 | D        | Noticed a deep elf sorcerer
  1191 | D        | Noticed a deep elf master archer
  1192 | D        | Reached XP level 15. HP: 113/165 MP: 31/31
  1192 | D        | Killed a deep elf sorcerer
  1192 | D        | Killed a deep elf sorcerer
  1192 | D        | Killed a deep elf blademaster
  1192 | D        | Killed a deep elf sorcerer
  1201 | D        | Entered arena 19.
  1205 | D        | Noticed a shadow dragon
  1205 | D        | Noticed a shadow dragon
  1206 | D        | Noticed a ghoul
  1206 | D        | Noticed a shadow dragon
  1207 | D        | Killed a shadow dragon
  1209 | D        | Killed a shadow dragon
  1209 | D        | Killed a ghoul
  1209 | D        | Killed a shadow dragon
  1265 | D        | Entered arena 20.
  1268 | D        | Noticed a deep elf blademaster
  1269 | D        | Noticed a deep elf sorcerer
  1269 | D        | Noticed a deep elf master archer
  1269 | D        | Noticed a deep elf master archer
  1270 | D        | Noticed a deep elf master archer
  1270 | D        | Killed a deep elf sorcerer
  1270 | D        | Reached skill level 15 in Translocations
  1270 | D        | Killed a deep elf master archer
  1270 | D        | Killed a deep elf master archer
  1270 | D        | Killed a deep elf blademaster
  1270 | D        | Reached skill level 27 in Invocations
  1270 | D        | Reached XP level 16. HP: 126/172 MP: 34/34
  1270 | D        | Reached skill level 15 in Spellcasting
  1270 | D        | Killed a deep elf master archer
  1270 | D        | Killed a deep elf master archer
  1272 | D        | Noticed a deep elf blademaster
  1282 | D        | Entered arena 21.
  1286 | D        | Noticed a lich
  1286 | D        | Noticed a lich
  1286 | D        | Killed a lich
  1287 | D        | Killed a lich
  1305 | D        | Entered arena 22.
  1315 | D        | Noticed a greater mummy
  1317 | D        | Killed a greater mummy
  1319 | D        | Noticed a lich
  1320 | D        | Killed a lich
  1336 | D        | Got the ring "Bicy" {Wiz MR++ Str+3 Dex-5}
  1597 | D        | Entered arena 23.
  1604 | D        | Noticed a greater mummy
  1605 | D        | Noticed a greater mummy
  1606 | D        | Reached skill level 5 in Long Blades
  1606 | D        | Reached XP level 17. HP: 167/182 MP: 39/39
  1606 | D        | Killed a greater mummy
  1606 | D        | Reached skill level 10 in Dodging
  1608 | D        | Killed a greater mummy
  1608 | D        | Reached skill level 10 in Long Blades
  1616 | D        | Entered arena 24.
  1628 | D        | Noticed a bone dragon
  1640 | D        | Killed a bone dragon
  1953 | D        | Entered arena 25.
  1962 | D        | Noticed an iron giant
  1962 | D        | Noticed an iron giant
  1963 | D        | Noticed an iron giant
  1964 | D        | Noticed an iron giant
  1969 | D        | Killed an iron giant
  1971 | D        | Killed an iron giant
  1971 | D        | Reached skill level 15 in Long Blades
  1971 | D        | Reached skill level 27 in Fighting
  1977 | D        | Killed an iron giant
  1999 | D        | Killed an iron giant
  1999 | D        | Reached skill level 15 in Dodging
  2144 | D        | Entered arena 26.
  2152 | D        | Noticed a lich
  2153 | D        | Killed a lich
  2153 | D        | Reached XP level 18. HP: 200/200 MP: 40/40
  2154 | D        | Noticed a titan
  2154 | D        | Noticed a lich
  2155 | D        | Killed a lich
  2155 | D        | Killed a titan
  2156 | D        | Noticed a lich
  2156 | D        | Noticed an ancient lich
  2157 | D        | Identified the +6 great mace of Zaloh {venom, rN++ MR+ Str-3}
  2158 | D        | Killed an ancient lich
  2178 | D        | Gained mutation: You tend to lose your temper in combat. [a cacodemon]
  2186 | D        | Noticed a Brimstone Fiend
  2187 | D        | Killed a lich
  2206 | D        | Entered arena 27.
  2213 | D        | Noticed an Ice Fiend
  2216 | D        | Killed an Ice Fiend
  2216 | D        | Reached XP level 19. HP: 199/207 MP: 41/41
  2217 | D        | Noticed a shard shrike
  2226 | D        | Got the Orb of Zot
  2231 | D        | Escaped with the Orb!

Skill      XL: |  1  2  3  4  5  6  7  8  9 10 11 12 13 14 15 16 17 18 |
---------------+-------------------------------------------------------+-----
Fighting       | 9 11 12 13 15 16 18 19 21 23 24 27 | 27.0
Invocations    | 1 6 8 10 11 13 15 17 19 21 24 27 | 27.0
Armour         | 6 8 9 10 12 13 14 | 14.3
Shields        | 6 7 9 10 12 13 15 | 15.8
Dodging        | 5 8 9 15 21 | 21.8
Spellcasting   | 5 8 11 14 18 | 18.4
Translocations | 5 9 12 16 19 | 19.8
Long Blades    | 5 17 25 | 25.6
Unarmed Combat | |  2.1

Action                   |  1- 3 |  4- 6 |  7- 9 | 10-12 | 13-15 | 16-18 | 19-21 || total
-------------------------+-------+-------+-------+-------+-------+-------+-------++-------
Melee: Double sword      |    12 |     3 |    25 |    30 |    17 |    35 |       ||   122
Invok: Upheaval          |       |       |     4 |     9 |     6 |    15 |       ||    34
       Disaster Area     |       |       |       |     7 |     8 |    19 |     2 ||    36
       Elemental Force   |       |       |       |       |       |     1 |       ||     1
Evoke: Wand              |       |       |       |       |       |     1 |       ||     1
  Use: Potion            |     1 |       |     1 |       |       |     2 |       ||     4
       Scroll            |       |       |       |     1 |       |       |     1 ||     2
  Eat: Bread ration      |       |       |       |       |       |     1 |       ||     1
Armor: Plate armour      |    13 |     1 |     7 |    12 |       |       |       ||    33
       Gold dragon scale |       |       |       |     1 |     9 |    18 |     2 ||    30
Dodge: Dodged            |       |       |     1 |     2 |     1 |     4 |       ||     8
       Deflected         |       |       |       |       |     2 |       |       ||     2
Block: Shield            |    27 |     7 |    40 |    49 |    43 |    82 |     6 ||   254
       Rpst.: Double sword |       |       |       |     1 |       |     2 |       ||     3
